Map: Frozen Temple

Players

uThermal

  • Race: Terran Terran

viOLet - Winner!

  • Race: Zerg Zerg

Event: IEM Season 11 - Shanghai

VOD

Have the link to the VOD?

Description

Time

  • Played on: July 29, 2016, 11:43 a.m.
  • Length: 10:00

All games in this series

Show
View Real Time Build Order
Export as new Build Order

uThermal Terran 

Build Orders: Reaper Expand, MMM Bio 

Get SALT Encoding   

  12  0:01  SCV  
  13  0:13  SCV  
  14  0:18  Supply Depot  
  14  0:25  SCV  
  15  0:40  SCV  
  15  0:42  Barracks  
  16  0:45  Refinery  
  16  0:52  SCV  
  17  1:04  SCV  
  18  1:16  SCV  
  19  1:29  Reaper, Orbital Command  
  20  1:41  Command Center  
  20  1:55  SCV  
  20  1:58  Supply Depot  
  21  2:01  Marine  
  21  2:06  Factory  
  22  2:09  SCV  
  22  2:14  Refinery  
  23  2:21  SCV  
  24  2:24  Barracks Reactor  
  24  2:33  SCV  
  25  2:45  SCV  
  26  2:52  Starport  
  26  2:53  Orbital Command  
  26  2:57  SCV  
  27  3:00  Factory Tech Lab  
  27  3:01  Marine x2  
  29  3:09  SCV  
  30  3:18  Supply Depot  
  30  3:19  Widow Mine  
  30  3:20  Marine x2  
  30  3:21  SCV x2  
  36  3:31  Bunker  
  36  3:33  SCV  
  36  3:35  Supply Depot, Medivac  
  36  3:38  Marine x2  
  40  3:48  Supply Depot  
  40  3:49  Siege Tank  
  40  3:51  SCV  
  44  3:56  Marine x2  
  44  3:59  SCV  
  47  4:03  SCV  
  48  4:13  SCV  
  48  4:15  Marine x2  
  51  4:20  SCV  
  51  4:21  Siege Tank  
  51  4:22  Medivac  
  56  4:26  SCV  
  57  4:32  SCV  
  57  4:33  Marine x2  
  60  4:38  SCV  
  60  4:44  SCV  
  62  4:50  SCV  
  63  4:56  Command Center, SCV  
  64  5:03  SCV  
  64  5:05  Starport Reactor  
  64  5:06  Bunker  
  65  5:08  SCV  
  65  5:09  Barracks  
  65  5:10  Supply Depot, Barracks  
  65  5:12  Marine  
  67  5:15  Stimpack  
  66  5:22  SCV  
  67  5:28  Engineering Bay  
  67  5:29  Engineering Bay  
  67  5:30  Refinery x2  
  67  5:32  SCV  
  67  5:34  Marine  
  67  5:35  Barracks  
  69  5:36  Barracks  
  69  5:44  SCV  
  69  5:49  Factory Tech Lab  
  70  5:53  Starport Reactor  
  70  5:54  Supply Depot, Terran Infantry Weapons Level 1  
  70  5:56  Terran Infantry Armor Level 1  
  70  6:07  Marine x4  
  70  6:08  Supply Depot, SCV x2  
  76  6:12  Orbital Command  
  76  6:13  Marine  
  77  6:20  SCV x2  
  79  6:25  Marine x2  
  79  6:31  Barracks Reactor x2  
  79  6:32  SCV x2  
  83  6:33  Orbital Command  
  83  6:36  Medivac x2  
  83  6:37  Marine  
  88  6:42  Siege Tank  
  88  6:44  SCV  
  92  6:49  Marine x2  
  92  6:54  Supply Depot  
  94  6:55  Marine  
  94  6:59  Marine  
  94  7:00  SCV  
  97  7:02  SCV  
  81  7:12  Marine x2, SCV  
  81  7:14  SCV  
  81  7:15  Combat Shields  
  73  7:24  SCV  
  73  7:28  Marine x2  
  73  7:34  Marine  
  73  7:35  SCV  
  66  7:38  SCV  
  66  7:41  Marine  
  66  7:43  SCV  
  66  7:44  Marine x2  
  66  7:47  Marine  
  66  7:48  SCV  
  66  7:50  SCV  
  71  7:55  SCV, Armory  
  71  7:56  Marine  
  73  7:59  Marine  
  73  8:00  SCV  
  73  8:02  SCV  
  76  8:06  Marine x2  
  76  8:07  SCV  
  76  8:11  Marine x2, Siege Tank  
  84  8:14  SCV  
  84  8:15  SCV  
  84  8:17  Marine  
  84  8:18  Marine  
  88  8:23  Medivac, SCV  
  88  8:24  Medivac  
  93  8:30  SCV  
  93  8:31  Marine  
  93  8:32  Supply Depot  
  93  8:33  Supply Depot, Marine x2  
  93  8:34  Marine  
  96  8:39  Marine  
  96  8:40  Supply Depot, Marine  
  98  8:43  SCV  
  98  8:44  Marine  
  100  8:51  SCV  
  100  8:54  Marine, SCV  
  103  8:57  Supply Depot  
  103  9:00  Medivac  
  103  9:01  Medivac  
  107  9:08  Marine  
  107  9:09  Supply Depot x2  
  108  9:10  Supply Depot  
  108  9:14  Siege Tank  
  108  9:15  Marine  
  112  9:20  Marine x2  
  94  9:24  Marine x2  
  94  9:25  Marine  
  78  9:33  Marine  
  78  9:36  Marine  
  67  9:41  Marine  
Show
View Real Time Build Order
Export as new Build Order

viOLet Zerg - Winner!

Build Orders: Hatch First 

Get SALT Encoding   

  12  0:00  Drone  
  13  0:13  Overlord  
  13  0:17  Drone  
  14  0:31  Drone x2  
  14  0:35  Drone  
  17  0:52  Hatchery  
  17  0:56  Drone  
  17  0:59  Drone  
  18  1:10  Extractor  
  17  1:15  Spawning Pool  
  16  1:19  Drone  
  16  1:22  Drone  
  18  1:29  Drone  
  19  1:45  Overlord  
  19  2:01  Queen  
  19  2:02  Zergling x2  
  19  2:03  Zergling x2  
  19  2:04  Queen  
  19  2:05  Drone  
  26  2:11  Metabolic Boost  
  26  2:15  Drone  
  27  2:19  Drone  
  28  2:28  Drone  
  28  2:29  Drone  
  29  2:37  Queen  
  31  2:46  Overlord  
  31  2:47  Overlord  
  31  2:51  Drone x2  
  33  3:01  Zergling x4  
  34  3:07  Zergling x2  
  34  3:12  Drone x3  
  38  3:13  Drone x3  
  38  3:16  Queen  
  43  3:27  Drone  
  44  3:38  Hatchery  
  44  3:40  Drone x3  
  46  3:45  Drone  
  46  3:46  Drone x2  
  46  3:47  Drone x2  
  51  3:51  Overlord  
  51  3:54  Spore Crawler  
  50  4:00  Spore Crawler  
  50  4:02  Overlord  
  49  4:05  Overlord  
  49  4:12  Zergling x6  
  52  4:17  Evolution Chamber  
  52  4:18  Evolution Chamber  
  52  4:19  Queen  
  52  4:25  Drone x4  
  56  4:32  Drone x4  
  56  4:33  Drone  
  61  4:40  Drone  
  61  4:41  Drone  
  61  4:43  Zerg Ground Armor Level 1  
  61  4:44  Zerg Melee Weapons Level 1  
  63  4:51  Drone x4  
  67  4:57  Queen  
  69  5:00  Queen  
  71  5:10  Extractor, Drone  
  71  5:11  Extractor  
  70  5:15  Zergling x8  
  72  5:29  Zergling x2  
  72  5:30  Overlord x3  
  73  5:43  Overlord  
  73  5:48  Lair  
  73  5:51  Drone x2  
  73  5:52  Baneling Nest, Drone, Hatchery  
  73  5:53  Drone x3  
  73  5:54  Drone x3  
  80  5:59  Zergling x6  
  83  6:12  Zergling x2  
  83  6:13  Zergling x16  
  83  6:14  Hatchery, Drone  
  83  6:15  Drone  
  93  6:21  Zergling x6  
  93  6:23  Zergling x2  
  97  6:28  Pneumatized Carapace  
  98  6:32  Zergling x2  
  98  6:33  Zergling x2  
  98  6:39  Overlord x2  
  99  6:40  Baneling  
  99  6:41  Baneling x8  
  99  6:47  Zergling x10  
  99  6:48  Zergling x4  
  99  6:50  Zerg Ground Armor Level 2  
  106  7:01  Zergling x4  
  108  7:05  Zergling x2  
  108  7:08  Zergling x2  
  102  7:09  Zergling x8  
  102  7:14  Zerg Melee Weapons Level 2  
  104  7:16  Drone  
  104  7:17  Drone x2  
  104  7:18  Extractor  
  102  7:29  Drone x4  
  103  7:30  Drone x3  
  103  7:32  Drone x2  
  103  7:33  Drone x2  
  103  7:36  Drone  
  103  7:43  Zergling x6  
  98  7:45  Zergling x6  
  98  7:48  Zergling x4  
  103  7:53  Zergling x6  
  103  7:56  Zergling x8  
  103  7:57  Overlord x2  
  103  7:58  Zergling x4  
  112  7:59  Baneling  
  112  8:00  Baneling x6, Centrifical Hooks  
  112  8:04  Zergling x6  
  112  8:05  Zergling x6  
  118  8:09  Zergling x2  
  118  8:10  Zergling x2  
  120  8:25  Zergling x22  
  120  8:26  Zergling x6  
  134  8:28  Spore Crawler  
  133  8:34  Zergling x2  
  133  8:35  Zergling x6  
  133  8:40  Spore Crawler  
  133  8:41  Zergling x14  
  137  8:43  Infestation Pit  
  137  8:47  Zergling x6  
  139  8:51  Spore Crawler  
  139  8:55  Drone x3, Zergling x2  
  141  8:56  Zergling x4  
  141  8:58  Overlord  
  141  8:59  Overlord x4  
  144  9:03  Drone x2  
  146  9:15  Zergling x6  
  149  9:20  Zergling x2  
  149  9:21  Zergling x12  
  149  9:23  Baneling x10  
  152  9:24  Overlord x2  
  152  9:25  Overlord x2  
  152  9:26  Hatchery, Zergling x4  
  152  9:30  Zergling x8  
  153  9:34  Drone x5  
  153  9:37  Zergling x8  

Tags
 
Add a new tag
Caveats
  • Supply blocks, unpowered buildings, or Contaminate may cause inaccurate times.
  • Supply counts are checked every 10 seconds.